Workbook
Name Arbeitstage: #REF!
Name Auftraggeber: #REF!
Name berAuftragskosten: #N/A
Name ERK_Daten: [1]Einzelraumkalkulation!$K$6:$S$6
Name Leistung: #REF!
Name Leistungsgegenstand: #REF!
Name Reinigungstage: #REF!
Name sAuftragskosten: #N/A
Name SVS: #REF!
Name SVSErsch: #REF!
Name SVSErschSo: #REF!
Name SVSFried: #REF!
Name SVSg: #REF!
Name SVSSo: #REF!

Sheet Verwaltung Niemöllerstraße
A1: ❄ Leistungsverzeichnis Winterdienst
A3: unter Berücksichtigung der derzeit gültigen Straßenreinigungssatzung
A5: ▦ Leistungsflächen | H5: ⌖ Lageplan / Winterdienstbereiche
A6: Leistungsart | C6: Gesamtfläche ca. in m² | D6: Leistungsumfang / Einsatzzeiten | F6: Monatspauschale Grunddienstleistung in € (netto)
A7: Anliegerflächen (rot): Gehweg 111 lfdm x 1,50 m breit und halbe Fahrbahn 3,50 m breit | C7: 555 | D7: Mo–Sa 07:00–20:00 Uhr, Sonn- und Feiertage 09:00–20:00 Uhr gemäß Ortssatzung
A8: Verkehrsfläche (grün) | C8: 1900 | D8: Mo–Fr 06:00–22:00 Uhr
A10: ⊕ Zusatzleistungen
A11: Zusatzleistung (nach Abstimmung mit dem Auftraggeber durchzuführen) | C11: 1900 | D11: Tagespauschale je Einsatz | F11: Preis/ Einsatz (netto)
A13: Sonderleistung (nach Abstimmung mit dem Auftraggeber durchzuführen) | D13: Abtransport von Schneemassen, wenn Platzkapazität nicht mehr ausreicht | F13: Preis/ m³ (netto)
A17: ✎ alle gelb hinterlegten Felder sind auszufüllen
A20: Legende
A21: ▧ | B21: Anliegerflächen (rot)
A22: ▧ | B22: Verkehrsflächen (grün)
A23: □ | B23: Grundstück / Bezug (gelb)

Sheet Verwaltung Papendorfer Weg
A1: ❄ Leistungsverzeichnis Winterdienst
A3: unter Berücksichtigung der derzeit gültigen Straßenreinigungssatzung
A5: ▦ Leistungsflächen | H5: ⌖ Lageplan / Winterdienstbereiche
A6: Leistungsart | C6: Gesamtfläche ca. in m² | D6: Leistungsumfang / Einsatzzeiten | F6: Monatspauschale Grunddienstleistung in € (netto)
A7: Anliegerflächen (rot): 160 lfdm Gehweg 1,50 m breit | C7: 240 | D7: Mo–Sa 07:00–20:00 Uhr, Sonn- und Feiertage 09:00–20:00 Uhr gemäß Ortssatzung
A8: Verkehrsfläche (grün) | C8: 7320 | D8: Mo–Fr 06:00–22:00 Uhr
A10: ⊕ Zusatzleistungen
A11: Zusatzleistung (nach Abstimmung mit dem Auftraggeber durchzuführen) | C11: 7320 | D11: Tagespauschale je Einsatz | F11: Preis/ Einsatz (netto)
A13: Sonderleistung (nach Abstimmung mit dem Auftraggeber durchzuführen) | D13: Abtransport von Schneemassen, wenn Platzkapazität nicht mehr ausreicht | F13: Preis/ m³ (netto)
A17: ✎ alle gelb hinterlegten Felder sind auszufüllen
A20: Legende
A21: ▧ | B21: Anliegerflächen (rot)
A22: ▧ | B22: Verkehrsflächen (grün)
A23: □ | B23: Grundstück / Bezug (gelb)

Sheet Verwaltung Steinstraße
A1: ❄ Leistungsverzeichnis Winterdienst
A3: unter Berücksichtigung der derzeit gültigen Straßenreinigungssatzung
A5: ▦ Leistungsflächen | H5: ⌖ Lageplan / Winterdienstbereiche
A6: Leistungsart | C6: Gesamtfläche ca. in m² | D6: Leistungsumfang / Einsatzzeiten | F6: Monatspauschale Grunddienstleistung in € (netto)
A7: Anliegerflächen (rot): 73 lfdm Gehweg 1,50 m breit und halbe Fahrbahn 3,50 m breit | C7: 365 | D7: Mo–Sa 07:00–20:00 Uhr, Sonn- und Feiertage 09:00–20:00 Uhr gemäß Ortssatzung
A8: Verkehrsfläche (grün) | C8: 500 | D8: Mo–Fr 06:00–22:00 Uhr
A10: ⊕ Zusatzleistungen
A11: Zusatzleistung (nach Abstimmung mit dem Auftraggeber durchzuführen) | C11: 500 | D11: Tagespauschale je Einsatz | F11: Preis/ Einsatz (netto)
A13: Sonderleistung (nach Abstimmung mit dem Auftraggeber durchzuführen) | D13: Abtransport von Schneemassen, wenn Platzkapazität nicht mehr ausreicht | F13: Preis/ m³ (netto)
A17: ✎ alle gelb hinterlegten Felder sind auszufüllen
A20: Legende
A21: ▧ | B21: Anliegerflächen (rot)
A22: ▧ | B22: Verkehrsflächen (grün)
A23: □ | B23: Grundstück / Bezug (gelb)

Sheet Förderschule BB
A1: ❄ Leistungsverzeichnis Winterdienst
A3: unter Berücksichtigung der derzeit gültigen Straßenreinigungssatzung
A5: ▦ Leistungsflächen | H5: ⌖ Lageplan / Winterdienstbereiche
A6: Leistungsart | C6: Gesamtfläche ca. in m² | D6: Leistungsumfang / Einsatzzeiten | F6: Monatspauschale Grunddienstleistung in € (netto)
A7: Anliegerflächen (rot): 110 lfdm Gehweg und Radweg 1,50 m breit | C7: 220 | D7: Mo–Sa 07:00–20:00 Uhr, Sonn- und Feiertage 09:00–20:00 Uhr gemäß Ortssatzung
A8: Verkehrsfläche (grün) | C8: 1100 | D8: Mo–Fr 06:00–22:00 Uhr
A10: ⊕ Zusatzleistungen
A11: Zusatzleistung (nach Abstimmung mit dem Auftraggeber durchzuführen) | C11: 1100 | D11: Tagespauschale je Einsatz | F11: Preis/ Einsatz (netto)
A13: Sonderleistung (nach Abstimmung mit dem Auftraggeber durchzuführen) | D13: Abtransport von Schneemassen, wenn Platzkapazität nicht mehr ausreicht | F13: Preis/ m³ (netto)
A17: ✎ alle gelb hinterlegten Felder sind auszufüllen
A20: Legende
A21: ▧ | B21: Anliegerflächen (rot)
A22: ▧ | B22: Verkehrsflächen (grün)
A23: □ | B23: Grundstück / Bezug (gelb)

Sheet Fläming-Gymnasium BB
A1: ❄ Leistungsverzeichnis Winterdienst
A3: unter Berücksichtigung der derzeit gültigen Straßenreinigungssatzung
A5: ▦ Leistungsflächen | H5: ⌖ Lageplan / Winterdienstbereiche
A6: Leistungsart | C6: Gesamtfläche ca. in m² | D6: Leistungsumfang / Einsatzzeiten | F6: Monatspauschale Grunddienstleistung in € (netto)
A7: Anliegerflächen (rot): 110 lfdm Gehweg und Radweg 1,50 m breit | C7: 285 | D7: Mo–Sa 07:00–20:00 Uhr, Sonn- und Feiertage 09:00–20:00 Uhr gemäß Ortssatzung
A8: Verkehrsfläche (grün) | C8: 2500 | D8: Mo–Fr 06:00–22:00 Uhr
A10: ⊕ Zusatzleistungen
A11: Zusatzleistung (nach Abstimmung mit dem Auftraggeber durchzuführen) | C11: 2500 | D11: Tagespauschale je Einsatz | F11: Preis/ Einsatz (netto)
A13: Sonderleistung (nach Abstimmung mit dem Auftraggeber durchzuführen) | D13: Abtransport von Schneemassen, wenn Platzkapazität nicht mehr ausreicht | F13: Preis/ m³ (netto)
A17: ✎ alle gelb hinterlegten Felder sind auszufüllen
A20: Legende
A21: ▧ | B21: Anliegerflächen (rot)
A22: ▧ | B22: Verkehrsflächen (grün)
A23: □ | B23: Grundstück / Bezug (gelb)

Sheet GU Bad Belzig
A1: ❄ Leistungsverzeichnis Winterdienst
A3: unter Berücksichtigung der derzeit gültigen Straßenreinigungssatzung
A5: ▦ Leistungsflächen | H5: ⌖ Lageplan / Winterdienstbereiche
A6: Leistungsart | C6: Gesamtfläche ca. in m² | D6: Leistungsumfang / Einsatzzeiten | F6: Monatspauschale Grunddienstleistung in € (netto)
A7: Anliegerflächen (rot): 280 lfdm halbe Fahrbahn 2,50m breit | C7: 700 | D7: Mo–Sa 07:00–20:00 Uhr, Sonn- und Feiertage 09:00–20:00 Uhr gemäß Ortssatzung
A9: ⊕ Zusatzleistungen
A10: Sonderleistung (nach Abstimmung mit dem Auftraggeber durchzuführen) | D10: Abtransport von Schneemassen, wenn Platzkapazität nicht mehr ausreicht | F10: Preis/ m³ (netto)
A14: ✎ alle gelb hinterlegten Felder sind auszufüllen
A17: Legende
A18: ▧ | B18: Anliegerflächen (rot)
A19: ▧ | B19: Verkehrsflächen (grün)
A20: □ | B20: Grundstück / Bezug (gelb)

Sheet MFH Schwanebeck
A1: ❄ Leistungsverzeichnis Winterdienst
A3: unter Berücksichtigung der derzeit gültigen Straßenreinigungssatzung
A5: ▦ Leistungsflächen | H5: ⌖ Lageplan / Winterdienstbereiche
A6: Leistungsart | C6: Gesamtfläche ca. in m² | D6: Leistungsumfang / Einsatzzeiten | F6: Monatspauschale Grunddienstleistung in € (netto)
A7: Anliegerflächen (rot): 55 lfdm Gehweg 1,50 m breit | C7: 83 | D7: Mo–Sa 07:00–20:00 Uhr, Sonn- und Feiertage 09:00–20:00 Uhr gemäß Ortssatzung
A9: ⊕ Zusatzleistungen
A10: Sonderleistung (nach Abstimmung mit dem Auftraggeber durchzuführen) | D10: Abtransport von Schneemassen, wenn Platzkapazität nicht mehr ausreicht | F10: Preis/ m³ (netto)
A14: ✎ alle gelb hinterlegten Felder sind auszufüllen
A17: Legende
A18: ▧ | B18: Anliegerflächen (rot)
A19: ▧ | B19: Verkehrsflächen (grün)
A20: □ | B20: Grundstück / Bezug (gelb)

Sheet Verwaltung TGZ
A1: ❄ Leistungsverzeichnis Winterdienst
A3: unter Berücksichtigung der derzeit gültigen Straßenreinigungssatzung
A5: ▦ Leistungsflächen | H5: ⌖ Lageplan / Winterdienstbereiche
A6: Leistungsart | C6: Gesamtfläche ca. in m² | D6: Leistungsumfang / Einsatzzeiten | F6: Monatspauschale Grunddienstleistung in € (netto)
A7: Anliegerflächen (rot): 200 lfdm Gehweg und Radweg 1,50 m breit | C7: 300 | D7: Mo–Sa 07:00–20:00 Uhr, Sonn- und Feiertage 09:00–20:00 Uhr gemäß Ortssatzung
A8: Verkehrsfläche (grün) | C8: 2390 | D8: Mo–Fr 06:00–22:00 Uhr
A10: ⊕ Zusatzleistungen
A11: Zusatzleistung (nach Abstimmung mit dem Auftraggeber durchzuführen) | C11: 2390 | D11: Tagespauschale je Einsatz | F11: Preis/ Einsatz (netto)
A13: Sonderleistung (nach Abstimmung mit dem Auftraggeber durchzuführen) | D13: Abtransport von Schneemassen, wenn Platzkapazität nicht mehr ausreicht | F13: Preis/ m³ (netto)
A17: ✎ alle gelb hinterlegten Felder sind auszufüllen
A20: Legende
A21: ▧ | B21: Anliegerflächen (rot)
A22: ▧ | B22: Verkehrsflächen (grün)
A23: □ | B23: Grundstück / Bezug (gelb)

Sheet KSB Bad Belzig
A1: ❄ Leistungsverzeichnis Winterdienst
A3: unter Berücksichtigung der derzeit gültigen Straßenreinigungssatzung
A5: ▦ Leistungsflächen | H5: ⌖ Lageplan / Winterdienstbereiche
A6: Leistungsart | C6: Gesamtfläche ca. in m² | D6: Leistungsumfang / Einsatzzeiten | F6: Monatspauschale Grunddienstleistung in € (netto)
A7: Anliegerflächen (rot): 120 lfdm Gehweg 1,50 m breit | C7: 180 | D7: Mo–Sa 07:00–20:00 Uhr, Sonn- und Feiertage 09:00–20:00 Uhr gemäß Ortssatzung
A9: ⊕ Zusatzleistungen
A10: Sonderleistung (nach Abstimmung mit dem Auftraggeber durchzuführen) | D10: Abtransport von Schneemassen, wenn Platzkapazität nicht mehr ausreicht | F10: Preis/ m³ (netto)
A14: ✎ alle gelb hinterlegten Felder sind auszufüllen
A17: Legende
A18: ▧ | B18: Anliegerflächen (rot)
A19: ▧ | B19: Verkehrsflächen (grün)
A20: □ | B20: Grundstück / Bezug (gelb)

Sheet MFH Niemegk 1
A1: ❄ Leistungsverzeichnis Winterdienst
A3: unter Berücksichtigung der derzeit gültigen Straßenreinigungssatzung
A5: ▦ Leistungsflächen | H5: ⌖ Lageplan / Winterdienstbereiche
A6: Leistungsart | C6: Gesamtfläche ca. in m² | D6: Leistungsumfang / Einsatzzeiten | F6: Monatspauschale Grunddienstleistung in € (netto)
A7: Anliegerflächen (rot): 25 lfdm Gehweg 1,50 m breit, 26 lfdm halbe Fahrbahn 2,50 m breit | C7: 103 | D7: Mo–Sa 07:00–20:00 Uhr, Sonn- und Feiertage 09:00–20:00 Uhr gemäß Ortssatzung
A9: ⊕ Zusatzleistungen
A10: Sonderleistung (nach Abstimmung mit dem Auftraggeber durchzuführen) | D10: Abtransport von Schneemassen, wenn Platzkapazität nicht mehr ausreicht | F10: Preis/ m³ (netto)
A14: ✎ alle gelb hinterlegten Felder sind auszufüllen
A17: Legende
A18: ▧ | B18: Anliegerflächen (rot)
A19: ▧ | B19: Verkehrsflächen (grün)
A20: □ | B20: Grundstück / Bezug (gelb)

Sheet MFH Bad Belzig
A1: ❄ Leistungsverzeichnis Winterdienst
A3: unter Berücksichtigung der derzeit gültigen Straßenreinigungssatzung
A5: ▦ Leistungsflächen | H5: ⌖ Lageplan / Winterdienstbereiche
A6: Leistungsart | C6: Gesamtfläche ca. in m² | D6: Leistungsumfang / Einsatzzeiten | F6: Monatspauschale Grunddienstleistung in € (netto)
A7: Anliegerflächen (rot): 23 lfdm Gehweg 2,50 m breit | C7: 58 | D7: Mo–Sa 07:00–20:00 Uhr, Sonn- und Feiertage 09:00–20:00 Uhr gemäß Ortssatzung
A9: ⊕ Zusatzleistungen
A10: Sonderleistung (nach Abstimmung mit dem Auftraggeber durchzuführen) | D10: Abtransport von Schneemassen, wenn Platzkapazität nicht mehr ausreicht | F10: Preis/ m³ (netto)
A14: ✎ alle gelb hinterlegten Felder sind auszufüllen
A17: Legende
A18: ▧ | B18: Anliegerflächen (rot)
A19: ▧ | B19: Verkehrsflächen (grün)
A20: □ | B20: Grundstück / Bezug (gelb)

Sheet MFH Niemegk 2
A1: ❄ Leistungsverzeichnis Winterdienst
A3: unter Berücksichtigung der derzeit gültigen Straßenreinigungssatzung
A5: ▦ Leistungsflächen | H5: ⌖ Lageplan / Winterdienstbereiche
A6: Leistungsart | C6: Gesamtfläche ca. in m² | D6: Leistungsumfang / Einsatzzeiten | F6: Monatspauschale Grunddienstleistung in € (netto)
A7: Anliegerflächen (rot): 15 lfdm Gehweg 1,50 m breit | C7: 23 | D7: Mo–Sa 07:00–20:00 Uhr, Sonn- und Feiertage 09:00–20:00 Uhr gemäß Ortssatzung
A9: ⊕ Zusatzleistungen
A10: Sonderleistung (nach Abstimmung mit dem Auftraggeber durchzuführen) | D10: Abtransport von Schneemassen, wenn Platzkapazität nicht mehr ausreicht | F10: Preis/ m³ (netto)
A14: ✎ alle gelb hinterlegten Felder sind auszufüllen
A17: Legende
A18: ▧ | B18: Anliegerflächen (rot)
A19: ▧ | B19: Verkehrsflächen (grün)
A20: □ | B20: Grundstück / Bezug (gelb)

Sheet Puschkinhalle
A1: ❄ Leistungsverzeichnis Winterdienst
A3: unter Berücksichtigung der derzeit gültigen Straßenreinigungssatzung
A5: ▦ Leistungsflächen | H5: ⌖ Lageplan / Winterdienstbereiche
A6: Leistungsart | C6: Gesamtfläche ca. in m² | D6: Leistungsumfang / Einsatzzeiten | F6: Monatspauschale Grunddienstleistung in € (netto)
A7: Anliegerflächen (rot): 26 lfdm Gehweg 1,50 m breit | C7: 40 | D7: Mo–Sa 07:00–20:00 Uhr, Sonn- und Feiertage 09:00–20:00 Uhr gemäß Ortssatzung
A9: ⊕ Zusatzleistungen
A10: Sonderleistung (nach Abstimmung mit dem Auftraggeber durchzuführen) | D10: Abtransport von Schneemassen, wenn Platzkapazität nicht mehr ausreicht | F10: Preis/ m³ (netto)
A14: ✎ alle gelb hinterlegten Felder sind auszufüllen
A17: Legende
A18: ▧ | B18: Anliegerflächen (rot)
A19: ▧ | B19: Verkehrsflächen (grün)
A20: □ | B20: Grundstück / Bezug (gelb)

Sheet Rettungswache Bad Belzig
A1: ❄ Leistungsverzeichnis Winterdienst
A3: unter Berücksichtigung der derzeit gültigen Straßenreinigungssatzung
A5: ▦ Leistungsflächen | H5: ⌖ Lageplan / Winterdienstbereiche
A6: Leistungsart | C6: Gesamtfläche ca. in m² | D6: Leistungsumfang / Einsatzzeiten | F6: Monatspauschale Grunddienstleistung in € (netto)
A7: Anliegerflächen (gesamte Straße) + Verkehrsflächen | C7: 940 | D7: Mo–Sa 07:00–20:00 Uhr, Sonn- und Feiertage 09:00–20:00 Uhr gemäß Ortssatzung
A9: ⊕ Zusatzleistungen
A10: Sonderleistung (nach Abstimmung mit dem Auftraggeber durchzuführen) | D10: Abtransport von Schneemassen, wenn Platzkapazität nicht mehr ausreicht | F10: Preis/ m³ (netto)
A14: ✎ alle gelb hinterlegten Felder sind auszufüllen
A17: Legende
A18: ▧ | B18: Anliegerflächen (rot)
A19: ▧ | B19: Verkehrsflächen (grün)
A20: □ | B20: Grundstück / Bezug (gelb)

Sheet Zsfg. Preis je Einsatz - Los 2
A2: Pos. | B2: Objekte | C2: Anzahl der Monate | D2: Monatspauschale Grundleistung in € (netto) | E2: Zusatzleistung Tagespauschale in € (netto) | F2: Sonderleistung Abtransport von Schneemassen in €/m³ (netto) | G2: Gesamtpreis Grundleistung Saison in € (netto) | H2: Gesamtpreis Zusatzleistung Saison in € (netto) | I2: Gesamtpreis Sonderleistung Saison in € (netto) | J2: Gesamtpreis je Objekt Saison in € (netto)
A3: 1 | B3: Verwaltungsgebäude Niemöller Str. 1 | C3: 5 | D3: ='Verwaltung Niemöllerstraße'!F7 -> 0 | E3: ='Verwaltung Niemöllerstraße'!F12 -> 0 | F3: ='Verwaltung Niemöllerstraße'!F14 -> 0 | G3: =C3*D3 -> 0 | H3: =C3*E3 -> 0 | I3: =F3 -> 0 | J3: =G3+H3+I3 -> 0
A4: 2 | B4: Verwaltungsgebäude Papendorfer Weg 1-3 | C4: 5 | D4: ='Verwaltung Papendorfer Weg'!F7 -> 0 | E4: ='Verwaltung Papendorfer Weg'!F12 -> 0 | F4: ='Verwaltung Papendorfer Weg'!F14 -> 0 | G4: =C4*D4 -> 0 | H4: =C4*E4 -> 0 | I4: =F4 -> 0 | J4: =G4+H4+I4 -> 0
A5: 3 | B5: Verwaltungsgebäude Steinstraße 14 | C5: 5 | D5: ='Verwaltung Steinstraße'!F7 -> 0 | E5: ='Verwaltung Steinstraße'!F12 -> 0 | F5: ='Verwaltung Steinstraße'!F14 -> 0 | G5: =C5*D5 -> 0 | H5: =C5*E5 -> 0 | I5: =F5 -> 0 | J5: =G5+H5+I5 -> 0
A6: 4 | B6: Förderschule "Am Grünen Grund" Bad Belzig | C6: 5 | D6: ='Förderschule BB'!F7 -> 0 | E6: ='Förderschule BB'!F12 -> 0 | F6: ='Förderschule BB'!F14 -> 0 | G6: =C6*D6 -> 0 | H6: =C6*E6 -> 0 | I6: =F6 -> 0 | J6: =G6+H6+I6 -> 0
A7: 5 | B7: Fläming-Gymnasium Bad Belzig | C7: 5 | D7: ='Fläming-Gymnasium BB'!F7 -> 0 | E7: ='Fläming-Gymnasium BB'!F12 -> 0 | F7: ='Fläming-Gymnasium BB'!F14 -> 0 | G7: =C7*D7 -> 0 | H7: =C7*E7 -> 0 | I7: =F7 -> 0 | J7: =G7+H7+I7 -> 0
A8: 6 | B8: GU Bad Belzig | C8: 5 | D8: ='GU Bad Belzig'!F7 -> 0 | F8: ='GU Bad Belzig'!F11 -> 0 | G8: =C8*D8 -> 0 | I8: =F8 -> 0 | J8: =G8+H8+I8 -> 0
A9: 7 | B9: MFH Schwanebeck | C9: 5 | D9: ='MFH Schwanebeck'!F7 -> 0 | F9: ='MFH Schwanebeck'!F11 -> 0 | G9: =C9*D9 -> 0 | I9: =F9 -> 0 | J9: =G9+H9+I9 -> 0
A10: 8 | B10: Technisches Gründerzentrum Bad Belzig | C10: 5 | D10: ='Verwaltung TGZ'!F7 -> 0 | E10: ='Verwaltung TGZ'!F12 -> 0 | F10: ='Verwaltung TGZ'!F14 -> 0 | G10: =C10*D10 -> 0 | H10: =C10*E10 -> 0 | I10: =F10 -> 0 | J10: =G10+H10+I10 -> 0
A11: 9 | B11: KSB Belzig | C11: 5 | D11: ='KSB Bad Belzig'!F7 -> 0 | F11: ='KSB Bad Belzig'!F11 -> 0 | G11: =C11*D11 -> 0 | I11: =F11 -> 0 | J11: =G11+H11+I11 -> 0
A12: 10 | B12: MFH Niemegk 1 | C12: 5 | D12: ='MFH Niemegk 1'!F7 -> 0 | F12: ='MFH Niemegk 1'!F11 -> 0 | G12: =C12*D12 -> 0 | I12: =F12 -> 0 | J12: =G12+H12+I12 -> 0
A13: 11 | B13: MFH Belzig | C13: 5 | D13: ='MFH Bad Belzig'!F7 -> 0 | F13: ='MFH Bad Belzig'!F11 -> 0 | G13: =C13*D13 -> 0 | I13: =F13 -> 0 | J13: =G13+H13+I13 -> 0
A14: 12 | B14: MFH Niemegk 2 | C14: 5 | D14: ='MFH Niemegk 2'!F7 -> 0 | F14: ='MFH Niemegk 2'!F11 -> 0 | G14: =C14*D14 -> 0 | I14: =F14 -> 0 | J14: =G14+H14+I14 -> 0
A15: 13 | B15: Puschkinhalle Bad Belzig | C15: 5 | D15: =Puschkinhalle!F7 -> 0 | F15: =Puschkinhalle!F11 -> 0 | G15: =C15*D15 -> 0 | I15: =F15 -> 0 | J15: =G15+H15+I15 -> 0
A16: 14 | B16: Rettungswache Bad Belzig | C16: 5 | D16: ='Rettungswache Bad Belzig'!F7 -> 0 | F16: ='Rettungswache Bad Belzig'!F11 -> 0 | G16: =C16*D16 -> 0 | I16: =F16 -> 0 | J16: =G16+H16+I16 -> 0
A19: Angebotssumme (netto) Los 2 | J19: =SUM(J3:J16) -> 0

Sheet SVS
A1: ❄ Berechnung Stundenverrechnungssatz Winterdienst
A3: Hinweis: Alle "Gelb" unterlegten Zellen sind bitte auszufüllen.
A5: Vorgaben | D5: 2026 in % | G5: Bundesland
A6: 1 | B6: Krankenversicherung (gesetzlicher Arbeitgeberanteil 7,3%) plus Zusatzbeitrag | D6: 7.3 | G6: Brandenburg
A7: 1 | B7: Krankenversicherung durchschnittlicher Zusatzbeitragssatz (gesetzlicher Arbeitgeberanteil): | E7: =IF(D7="","Bitte ausfüllen!","") -> Bitte ausfüllen!
A8: 2 | B8: Rentenversicherung (gesetzlicher Arbeitgeberanteil): | D8: 9.3
A9: 3 | B9: Arbeitslosenversicherung (gesetzlicher Arbeitgeberanteil): | D9: 1.3
A10: 4 | B10: Pflegeversicherung (gesetzlicher Arbeitgeberanteil alle Bundesländer außer Sachsen: hier 0,5% Abzug): | D10: 1.8
A11: 5 | B11: U2 - Diese Position wird von jeder Krankenkasse separat berechnet. | E11: =IF(D11="","Bitte ausfüllen!","") -> Bitte ausfüllen!
A12: 6 | B12: Die gesetzliche Unfallversicherung richtet sich nach der Gefahrenklasse, die für den Betrieb gilt. | E12: =IF(D12="","Bitte ausfüllen!","") -> Bitte ausfüllen!
A13: 7 | B13: Insolvenzgeldumlage (gesetzlicher Arbeitgeberanteil - trägt der Arbeitgeber allein) | D13: 0.15
A14: zu 1 | B14: Krankenversicherung durchschnittlicher Zusatzbeitragssatz (gesetzlicher Arbeitgeberanteil): | D14: 1.45
A16: Kalkulation SVS
A18: 1.00 | B18: Produktiver Stundenlohn | F18: 100 | G18: % | I18: € | J18: =IF(H18="","Bitte ausfüllen!","") -> Bitte ausfüllen!
A20: 2.00 | B20: Lohngebundene Kosten
A21: 2.10 | B21: Soziallöhne
A22: 2.11 | C22: Gesetzliche Feiertage | G22: % | H22: =IF(F22="","",ROUND(F22/100*$H$18,2)) | I22: € | J22: =IF(F22="","Bitte ausfüllen!","") -> Bitte ausfüllen!
A23: 2.12 | C23: Urlaubsentgelt | G23: % | H23: =IF(F23="","",ROUND(F23/100*$H$18,2)) | I23: € | J23: =IF(F23="","Bitte ausfüllen!","") -> Bitte ausfüllen!
A24: 2.13 | C24: Zusätzliches Urlaubsentgelt | G24: % | H24: =IF(F24="","",ROUND(F24/100*$H$18,2)) | I24: € | J24: =IF(F24="","Bitte ausfüllen!","") -> Bitte ausfüllen!
A25: 2.14 | C25: Lohnfortzahlung im Krankheitsfall | G25: % | H25: =IF(F25="","",ROUND(F25/100*$H$18,2)) | I25: € | J25: =IF(F25="","Bitte ausfüllen!","") -> Bitte ausfüllen!
A26: 2.15 | C26: Arbeitsfreistellung | G26: % | H26: =IF(F26="","",ROUND(F26/100*$H$18,2)) | I26: € | J26: =IF(F26="","Bitte ausfüllen!","") -> Bitte ausfüllen!
B27: Zwischensumme Soziallöhne | F27: =IF(SUM(F22:F26)=0,0,SUM(F22:F26)) -> 0 | G27: % | H27: =IF(COUNTIF(F22:F26,"")>0,"",SUM(H22:H26)) | I27: € | J27: =IF(H27="","Angaben offen!","") -> Angaben offen!
A29: 2.20 | B29: Sozialversicherungsbeiträge auf Fertigungslohn und Soziallöhne (Arbeitgeberanteil)
A30: 2.21 | B30: Krankenversicherung auf Produktivlohn1 | D30: =D6+D7 -> 7.3 | E30: %
B31: Krankenversicherung auf Soziallöhne | D31: =(D30/100)*$F$27 -> 0 | E31: % | F31: =IF(D31="","",D30+D31) -> 7.3 | G31: % | H31: =IF(D31="","",ROUND(F31/100*$H$18,2)) -> 0 | I31: € | J31: =IF(D31="","Bitte ausfüllen!","")
A32: 2.22 | B32: Rentenversicherung auf Produktivlohn2 | D32: =D8 -> 9.3 | E32: %
B33: Rentenversicherung auf Soziallöhne | D33: =(D32/100)*$F$27 -> 0 | E33: % | F33: =IF(D33="","",D32+D33) -> 9.3 | G33: % | H33: =IF(D33="","",ROUND(F33/100*$H$18,2)) -> 0 | I33: €
A34: 2.23 | B34: Arbeitslosenversicherung auf Produktivlohn3 | D34: =D9 -> 1.3 | E34: %
B35: Arbeitslosenversicherung auf Soziallöhne | D35: =(D34/100)*$F$27 -> 0 | E35: % | F35: =IF(D35="","",D34+D35) -> 1.3 | G35: % | H35: =IF(D35="","",ROUND(F35/100*$H$18,2)) -> 0 | I35: €
A36: 2.24 | B36: Pflegeversicherung auf Produktivlohn4 | D36: =D10 -> 1.8 | E36: %
B37: Pflegeversicherung auf Soziallöhne | D37: =D36/100*$F$27 -> 0 | E37: % | F37: =IF(D37="","",D36+D37) -> 1.8 | G37: % | H37: =IF(D37="","",ROUND(F37/100*$H$18,2)) -> 0 | I37: €
A38: 2.25 | B38: U2 Mutterschaftsaufwendungen auf Produktivlohn5 | D38: =D11 -> 0 | E38: %
B39: U2 Mutterschaftsaufwendungen auf Soziallöhne | D39: =(D38/100)*$F$27 -> 0 | E39: % | F39: =IF(D39="","",D38+D39) -> 0 | G39: % | H39: =IF(D39="","",ROUND(F39/100*$H$18,2)) -> 0 | I39: €
A40: 2.30 | B40: Gesetzliche Unfallversicherung6 | F40: =D12 -> 0 | G40: % | H40: =IF(F40="","",ROUND(F40/100*$H$18,2)) -> 0 | I40: €
A41: 2.31 | B41: Insolvenzgeldumlage7 | F41: =D13 -> 0.15 | G41: % | H41: =IF(F41="","",ROUND(F41/100*$H$18,2)) -> 0 | I41: €
B42: Zwischensumme Lohnkosten inkl. Sozialabgaben (Summe 2.10 - 2.31) | F42: =IF(SUM(F30:F41)=0,"",SUM(F30:F41)+F27) -> 19.85 | G42: % | H42: =IF(OR(COUNTIF(D30:D39,"")>0,COUNTIF(F40:F41,"")>0),"",SUM(H30:H41)+H27) -> #VALUE! | I42: €
B44: Zusätzliche lohngebundene Kosten
A45: 2.50 | B45: Haftpflichtversicherung | G45: % | H45: =IF(F45="","",ROUND(F45/100*$H$18,2)) | I45: € | J45: =IF(F45="","Bitte ausfüllen!","") -> Bitte ausfüllen!
A46: 2.60 | B46: Sonstige Personalkosten | G46: % | H46: =IF(F46="","",ROUND(F46/100*$H$18,2)) | I46: € | J46: =IF(F46="","Bitte ausfüllen!","") -> Bitte ausfüllen!
B47: Summe lohngebundene Kosten (Summe 2.10 - 2.60) | F47: =IF(SUM(F45:F46)=0,"",SUM(F45:F46)+F42) | G47: % | H47: =IF(COUNTIF(H45:H46,"")>0,"",SUM(H45:H46)+H42) | I47: € | J47: =IF(H47="","Angaben offen!","") -> Angaben offen!
A49: 3.00 | B49: Sonstige auftragsbezogene Kosten
A50: 3.10 | B50: Aufsichtslohn Vorarbeiter
B51: inkl. Soziale Folgekosten f. Aufsichtslohn | G51: % | H51: =IF(F51="","",ROUND(F51/100*$H$18,2)) | I51: € | J51: =IF(F51="","Bitte ausfüllen!","") -> Bitte ausfüllen!
A52: 3.20 | B52: Fahrkostenzuschuss | G52: % | H52: =IF(F52="","",ROUND(F52/100*$H$18,2)) | I52: € | J52: =IF(F52="","Bitte ausfüllen!","") -> Bitte ausfüllen!
A53: 3.30 | B53: Fertigungsmaterial; Maschinen, Geräte, AfA, etc. | G53: % | H53: =IF(F53="","",ROUND(F53/100*$H$18,2)) | I53: € | J53: =IF(F53="","Bitte ausfüllen!","") -> Bitte ausfüllen!
A54: 3.40 | B54: Sondereinzelkosten | G54: % | H54: =IF(F54="","",ROUND(F54/100*$H$18,2)) | I54: € | J54: =IF(F54="","Bitte ausfüllen!","") -> Bitte ausfüllen!
B55: Zwischensumme sonstige auftragsbezogene Kosten (Summe 3.10 - 3.40) | F55: =IF(SUM(F51:F54)=0,"",SUM(F51:F54)) | G55: % | H55: =IF(COUNTIF(H51:H54,"")>0,"",SUM(H51:H54)) | I55: € | J55: =IF(H55="","Angaben offen!","") -> Angaben offen!
A57: 4.00 | B57: Unternehmensbezogene Kosten
A58: 4.10 | B58: Gehälter | K58: {=IF(SUM(COUNTIF(INDIRECT({"H5","F9:F13","D17:D26","F27:F28","F32:F33","F38:F41","F46:F48","F50:F56","F60","H65:H67"}),""))>0,"",H72+H73)}
A59: 4.11 | C59: Technische Angestellte, inkl. Lohnfolgekosten | G59: % | H59: =IF(F59="","",ROUND(F59/100*$H$18,2)) | I59: € | J59: =IF(F59="","Bitte ausfüllen!","") -> Bitte ausfüllen!
A60: 4.12 | C60: Kaufmännische Angestellte, inkl. Lohnfolgekosten | G60: % | H60: =IF(F60="","",ROUND(F60/100*$H$18,2)) | I60: € | J60: =IF(F60="","Bitte ausfüllen!","") -> Bitte ausfüllen!
A61: 4.20 | B61: Fuhrparkkosten | G61: % | H61: =IF(F61="","",ROUND(F61/100*$H$18,2)) | I61: € | J61: =IF(F61="","Bitte ausfüllen!","") -> Bitte ausfüllen!
A62: 4.30 | B62: Fertigungshilfskosten
A63: 4.31 | C63: Löhne Hilfsdienste, inkl. Lohnfolgekosten | G63: % | H63: =IF(F63="","",ROUND(F63/100*$H$18,2)) | I63: € | J63: =IF(F63="","Bitte ausfüllen!","") -> Bitte ausfüllen!
A64: 4.32 | C64: Sonstige Betriebskosten | G64: % | H64: =IF(F64="","",ROUND(F64/100*$H$18,2)) | I64: € | J64: =IF(F64="","Bitte ausfüllen!","") -> Bitte ausfüllen!
A65: 4.40 | B65: Schwerbehindertenabgabe | G65: % | H65: =IF(F65="","",ROUND(F65/100*$H$18,2)) | I65: € | J65: =IF(F65="","Bitte ausfüllen!","") -> Bitte ausfüllen!
A66: 4.50 | B66: Sonstige Verwaltungskosten | G66: % | H66: =IF(F66="","",ROUND(F66/100*$H$18,2)) | I66: € | J66: =IF(F66="","Bitte ausfüllen!","") -> Bitte ausfüllen!
A67: 4.60 | B67: Betriebsratskosten | G67: % | H67: =IF(F67="","",ROUND(F67/100*$H$18,2)) | I67: € | J67: =IF(F67="","Bitte ausfüllen!","") -> Bitte ausfüllen!
A68: 4.70 | B68: Sonstige Kosten (Verbandsbeiträge, Zertifizierung etc.) | G68: % | H68: =IF(F68="","",ROUND(F68/100*$H$18,2)) | I68: € | J68: =IF(F68="","Bitte ausfüllen!","") -> Bitte ausfüllen!
A69: 4.80 | B69: Gewerbesteuer | G69: % | H69: =IF(F69="","",ROUND(F69/100*$H$18,2)) | I69: € | J69: =IF(F69="","Bitte ausfüllen!","") -> Bitte ausfüllen!
B70: Zwischensumme unternehmensbezogene Kosten (Summe 4.10 - 4.80) | F70: =IF(SUM(F59:F69)=0,"",SUM(F59:F69)) | G70: % | H70: =IF(COUNTIF(H59:H69,"")>1,"",SUM(H59:H69)) | I70: € | J70: =IF(H70="","Angaben offen!","") -> Angaben offen!
A72: 5.00 | B72: Selbstkosten (Summe 1.00 - 4.80) | F72: =IF(AND(F47=""),"",F47+F55+F70+F18) | G72: % | H72: =IF(H70="","",H47+H55+H70+H18) | I72: €
A73: 6.00 | B73: Zuschlag für Wagnis + Gewinn auf Selbstkosten | G73: % | H73: =IF(F73="","",ROUND(F73/100*H72,2)) | I73: € | J73: =IF(F73="","Bitte ausfüllen!","") -> Bitte ausfüllen!
B74: Stundenverrechnungssatz Normalstunde Werktag | H74: {=IF(SUM(COUNTIF(INDIRECT({"H18","F22:F26","D30:D39","F40:F41","F45:F47","F51:F53","F59:F61","F63:F69","F73","H89:H91"}),""))>0,"",H72+H73)} | I74: €
B75: Kalkulationszuschlag | F75: =H74*100/H18 -> #VALUE! | G75: %
A77: Nachtzuschlag auf Werktag | G77: % | H77: =IF(F77="","",ROUND(F77/100*$H$74,2)) | I77: € | J77: =IF(F77="","Bitte ausfüllen!","") -> Bitte ausfüllen!
A78: Stundensatz Werktag Nacht | H78: =IF(F77="","",ROUND(H74+H77,2)) | I78: € | J78: =IF(H78="","Angaben offen!","") -> Angaben offen!
A80: Sonntagszuschlag auf Werktag | G80: % | H80: =IF(F80="","",ROUND(F80/100*$H$74,2)) | I80: € | J80: =IF(F80="","Bitte ausfüllen!","") -> Bitte ausfüllen!
A81: Stundensatz Sonn- und Feiertag | H81: =IF(F80="","",ROUND(H74+H80,2)) | I81: € | J81: =IF(H81="","Angaben offen!","") -> Angaben offen!
A83: Sonntagnachtzuschlag auf Werktag | G83: % | H83: =IF(F83="","",ROUND(F83/100*$H$74,2)) | I83: € | J83: =IF(F83="","Bitte ausfüllen!","") -> Bitte ausfüllen!
A84: Stundensatz Sonn- und Feiertag Nacht | H84: =IF(F83="","",ROUND(H74+H83,2)) | I84: € | J84: =IF(H84="","Angaben offen!","") -> Angaben offen!
A86: Lohnkostenanteil* | G86: % | J86: =IF(F86="","Bitte ausfüllen!","") -> Bitte ausfüllen!
B88: Basisdaten | H88: Anzahl Tage
B89: durchschnittliche Urlaubstage | J89: =IF(H89="","Bitte ausfüllen!","") -> Bitte ausfüllen!
B90: durchschnittliche Krankheitstage | J90: =IF(H90="","Bitte ausfüllen!","") -> Bitte ausfüllen!
B91: bezahlte Freistellungen | J91: =IF(H91="","Bitte ausfüllen!","") -> Bitte ausfüllen!
B92: Feiertage | C92: Vertragslaufzeit | G92: Ø | H92: 10
A94: * Der Lohnkostenanteil wird für die Anwendung der Preisgleitklausel gemäß §9 des Werkvertrages zu Grunde gelegt.
